[Event "Titled Tuesday Blitz May 30 Late 2023"]
[White "Ogreberbere"]
[Black "Ezat, Mohamed"]
[BlackFideId "10600906"]
[WhiteElo "2150"]
[BlackElo "2386"]
[Result "1/2-1/2"]
[Round "01"]
[TimeControl "180+2"]
[Date "2023.05.31"]
[WhiteClock "0:00:05"]
[BlackClock "0:00:08"]

1. d4 Nf6 2. c4 g6 3. Nc3 Bg7 4. e4 d6 5. Be2 O-O 6. Nf3 e5 7. O-O Nc6 8. d5 Ne7 9. b4 c6 10. a4 a5 11. bxa5 c5 12. Ra3 Qxa5 13. Bb2 Ra6 14. Nd2 Qd8 15. Nb5 Nd7 16. g3 f5 17. f4 Nf6 18. Nxd6 Rxd6 19. fxe5 Ng4 20. exd6 Bxb2 21. dxe7 Qxe7 22. Rb3 Bd4+ 23. Kh1 Ne3 24. Qb1 Nxf1 25. Bxf1 fxe4 26. Nxe4 Rxf1+ 27. Qxf1 Qxe4+ 28. Qf3 Bf5 29. Kg2 Qc2+ 30. Kf1 Bh3+ 31. Ke1 Bf2+ 32. Qxf2 Qxb3 33. Qxc5 Qc2 34. Qe7 Qc1+ 35. Ke2 Bg4+ 36. Kd3 Bf5+ 37. Kd4 Qg1+ 38. Ke5 Qe3+ 39. Kd6 Qb6+ 40. Ke5 Qb2+ 41. Kd6 Qb6+ 42. Ke5 Qe3+ 43. Kd6 Qa3+ 44. c5 Qxa4 45. Qd8+ Kf7 46. Qe7+ Kg8 47. Qd8+ Kg7 48. Qe7+ Kh6 49. Qh4+ Kg7 50. Qe7+ Kh6 51. Qh4+ Kg7 52. Qe7+ 1/2-1/2


[Site "https://www.chess.com"]

[Event "Titled Tuesday Blitz May 30 Late 2023"]
[White "Mortazavi, Ali"]
[Black "Horokoskii"]
[WhiteFideId "401323"]
[WhiteElo "2339"]
[BlackElo "2139"]
[Result "1-0"]
[Round "01"]
[TimeControl "180+2"]
[Date "2023.05.31"]
[WhiteClock "0:01:09"]
[BlackClock "0:00:03"]

1. Nf3 d5 2. g3 Nf6 3. Bg2 g6 4. O-O Bg7 5. d3 O-O 6. Nbd2 c5 7. e3 Nc6 8. e4 dxe4 9. dxe4 Bg4 10. h3 Bxf3 11. Qxf3 Nd4 12. Qd1 e5 13. c3 Ne6 14. Qe2 b6 15. a4 Qc7 16. h4 h5 17. Bh3 Qe7 18. Nc4 Nc7 19. Bg5 Rad8 20. Rad1 Rxd1 21. Rxd1 Rd8 22. Ne3 Rxd1+ 23. Qxd1 Qe8 24. Qd6 Ne6 25. Bxf6 Bxf6 26. Nd5 Bg7 27. Bxe6 fxe6 28. Nc7 Qxa4 29. Qxe6+ Kh7 30. Qf7 Qd1+ 31. Kg2 Qd3 32. Ne8 Qxe4+ 33. Kh2 1-0


[Site "https://www.chess.com"]

[Event "Titled Tuesday Blitz May 30 Late 2023"]
[White "Delorme, Alban"]
[Black "Ozates, Tuna"]
[WhiteFideId "623636"]
[BlackFideId "6354521"]
[WhiteElo "2196"]
[BlackElo "2151"]
[Result "1-0"]
[Round "01"]
[TimeControl "180+2"]
[Date "2023.05.31"]
[WhiteClock "0:00:10"]
[BlackClock "0:00:14"]

1. e4 e5 2. Nf3 Nf6 3. Nxe5 d6 4. Nf3 Nxe4 5. Nc3 Nxc3 6. dxc3 Be7 7. Bd3 O-O 8. O-O d5 9. h3 c5 10. c4 d4 11. c3 Nc6 12. cxd4 Nxd4 13. Nxd4 Qxd4 14. Qc2 h6 15. Be3 Qh4 16. Rfe1 Bd6 17. Rad1 Kh8 18. Be4 Be7 19. Bf3 Be6 20. Bxb7 Rab8 21. Bd5 Bf6 22. b3 Rfc8 23. Bxe6 fxe6 24. Rd7 a5 25. Ra7 Rd8 26. Rxa5 Bd4 27. Bxd4 cxd4 28. Qd3 Qf6 29. Rae5 Rb6 30. c5 Rc6 31. b4 Rf8 32. R1e2 Rd8 33. b5 Rcc8 34. Rxe6 Qf4 35. c6 Rf8 36. R6e4 Qc1+ 37. Kh2 Qf1 38. Qxd4 Rcd8 39. Qe3 Rd1 40. Re8 Qg1+ 41. Kg3 Rxe8 42. Qxe8+ Kh7 43. Qe4+ Kh8 44. c7 Rc1 45. Qe8+ Kh7 46. c8=Q Rxc8 47. Qxc8 Qb1 48. Qc2+ 1-0


[Site "https://www.chess.com"]

[Event "Titled Tuesday Blitz May 30 Late 2023"]
[White "Oliveira, Tiago Batista"]
[Black "Poltorak, Sebastian"]
[WhiteFideId "2108291"]
[BlackFideId "1199498"]
[WhiteElo "1962"]
[BlackElo "2195"]
[Result "0-1"]
[Round "01"]
[TimeControl "180+2"]
[Date "2023.05.31"]
[WhiteClock "0:00:10"]
[BlackClock "0:01:24"]

1. d4 Nf6 2. c4 e6 3. Nf3 Bb4+ 4. Bd2 Qe7 5. g3 Bxd2+ 6. Nbxd2 d6 7. Bg2 O-O 8. O-O e5 9. dxe5 dxe5 10. e4 Nc6 11. a3 Rd8 12. Qb3 Rb8 13. Rfd1 Bg4 14. Qe3 Nd4 15. Rac1 c5 16. h3 Bxf3 17. Nxf3 b6 18. b4 Rbc8 19. b5 Nd7 20. Rd2 Nf8 21. Rcd1 f6 22. Ne1 Nfe6 23. Nc2 Nxc2 24. Rxd8+ Rxd8 0-1


[Site "https://www.chess.com"]

[Event "Titled Tuesday Blitz May 30 Late 2023"]
[White "Zochowski, Kacper"]
[Black "Schain, Randolph"]
[WhiteFideId "1125494"]
[BlackFideId "2003139"]
[WhiteElo "2235"]
[BlackElo "2123"]
[Result "1-0"]
[Round "01"]
[TimeControl "180+2"]
[Date "2023.05.31"]
[WhiteClock "0:00:04"]
[BlackClock "0:00:00"]

1. e4 c5 2. Nf3 d6 3. d4 cxd4 4. Nxd4 Nf6 5. Nc3 g6 6. Be3 Bg7 7. f3 O-O 8. Qd2 Nc6 9. O-O-O Nxd4 10. Bxd4 Be6 11. Kb1 Qc7 12. h4 Rfc8 13. g4 b5 14. Nxb5 Qb7 15. g5 Nh5 16. Bxg7 Kxg7 17. Nd4 Rab8 18. Nxe6+ fxe6 19. b3 a5 20. Bh3 a4 21. Bxe6 axb3 22. cxb3 Rc5 23. Qd4+ Re5 24. Rhf1 Nf4 25. Bc4 Rc8 26. Ka1 Qb4 27. Qd2 Rxc4 28. bxc4 Qxc4 29. Rc1 Qa4 30. Rc7 Kf8 31. Rb1 Ne6 32. Rb8+ Kf7 33. Rcc8 Ra5 34. Rb4 Qa3 35. Rc1 Nc5 36. Qb2 Nb3+ 37. Qxb3+ Qxb3 38. Rxb3 e6 39. Rd1 d5 40. exd5 exd5 41. Rbd3 Ke6 42. Kb2 Ra4 43. Re1+ Kd6 44. Red1 Rxh4 45. Rxd5+ Kc6 46. Rd7 Rh2+ 47. Kb3 Rh3 48. R7d3 Kc5 49. Rg1 Rh4 50. a4 Kb6 51. Rg4 Rh2 52. Rd7 Ka5 53. Rgd4 Rf2 54. R4d5+ Kb6 55. Rxh7 Rxf3+ 56. Kc4 Rf4+ 57. Rd4 Rf3 58. Rg7 1-0


[Site "https://www.chess.com"]

[Event "Titled Tuesday Blitz May 30 Late 2023"]
[White "Blackwhite017"]
[Black "Gheorghiu, Calin"]
[BlackFideId "1200305"]
[WhiteElo "2112"]
[BlackElo "2223"]
[Result "0-1"]
[Round "01"]
[TimeControl "180+2"]
[Date "2023.05.31"]
[WhiteClock "0:00:06"]
[BlackClock "0:00:19"]

1. e4 e5 2. Nf3 Nc6 3. Bb5 a6 4. Ba4 Nf6 5. d3 d6 6. c3 Bd7 7. O-O g6 8. Nbd2 Bg7 9. Re1 O-O 10. Nf1 b5 11. Bc2 Na5 12. h3 c5 13. g4 Re8 14. Ng3 Be6 15. Bg5 h6 16. Be3 c4 17. d4 exd4 18. cxd4 d5 19. e5 Ne4 20. Nxe4 dxe4 21. Bxe4 Bd5 22. Qc2 Nc6 23. a3 a5 24. Rad1 Rc8 25. Nd2 Ne7 26. f4 b4 27. axb4 axb4 28. f5 c3 29. Nf3 cxb2 30. Qb1 gxf5 31. gxf5 Nxf5 32. Bxd5 Nxe3 33. Bxf7+ Kxf7 34. Rxe3 Rc3 35. Rde1 Kg8 36. Qxb2 Qa5 37. Nh4 Qa3 38. Qxa3 Rxa3 39. Rxa3 bxa3 40. Kf2 Rb8 41. Ra1 Rb2+ 42. Ke3 a2 43. Nf5 Kf7 44. Nxg7 Kxg7 45. d5 Kf7 46. Ke4 Ke7 47. Rg1 Re2+ 48. Kd3 Rxe5 49. Ra1 Rxd5+ 50. Ke3 Ra5 51. Kf3 Kf6 52. Kg4 Kg6 53. h4 Ra4+ 54. Kh3 Kh5 55. Kg3 Ra3+ 56. Kg2 Kxh4 57. Rh1+ Kg4 58. Ra1 h5 59. Kh2 h4 60. Rg1+ Kf3 61. Ra1 Ke2 62. Rg1 Kd2 63. Ra1 Kc2 64. Kg2 Kb2 65. Rh1 a1=Q 66. Rxh4 Qc1 67. Rh3 Rxh3 68. Kxh3 Qg5 69. Kh2 Kc2 70. Kh1 Kd2 71. Kh2 Ke2 72. Kh1 Kf2 73. Kh2 Qh4# 0-1


[Site "https://www.chess.com"]

[Event "Titled Tuesday Blitz May 30 Late 2023"]
[White "Kleinman, Michael"]
[Black "Winkels, Marcel"]
[WhiteFideId "2609479"]
[BlackFideId "1003887"]
[WhiteElo "2287"]
[BlackElo "1900"]
[Result "1-0"]
[Round "01"]
[TimeControl "180+2"]
[Date "2023.05.31"]
[WhiteClock "0:01:05"]
[BlackClock "0:00:05"]

1. e4 Nf6 2. e5 Nd5 3. Nc3 Nxc3 4. dxc3 d6 5. Nf3 Nc6 6. Bf4 Bg4 7. Bb5 e6 8. h3 Bxf3 9. Qxf3 Qd7 10. O-O Be7 11. Rad1 a6 12. Bxc6 Qxc6 13. Qxc6+ bxc6 14. exd6 cxd6 15. Bxd6 Rd8 16. Bc7 Rd5 17. c4 Rxd1 18. Rxd1 h5 19. Rd3 h4 20. Bd6 Bf6 21. b4 Rh5 22. Ra3 Kd7 23. Bc5 Re5 24. Be3 Re4 25. Rxa6 Rxc4 26. Ra7+ Ke8 27. a4 Rxb4 28. g4 hxg3 29. fxg3 Rb2 30. a5 Rxc2 31. a6 Rc3 32. Kf2 Rxe3 33. Kxe3 1-0


[Site "https://www.chess.com"]

[Event "Titled Tuesday Blitz May 30 Late 2023"]
[White "Hartikainen, Jarmo"]
[Black "Minko, Dmitry"]
[WhiteFideId "503134"]
[BlackFideId "24188468"]
[WhiteElo "2104"]
[BlackElo "2147"]
[Result "0-1"]
[Round "01"]
[TimeControl "180+2"]
[Date "2023.05.31"]
[WhiteClock "0:01:00"]
[BlackClock "0:01:17"]

1. e4 e5 2. Nf3 Nc6 3. Bc4 Nf6 4. Ng5 d5 5. exd5 Nd4 6. c3 b5 7. Bf1 Nxd5 8. Bxb5+ Nxb5 9. Qf3 Qxg5 10. Qxd5 Rb8 11. O-O Be6 12. Qc6+ Bd7 13. Qe4 Nd6 14. Qd5 c6 15. Qa5 Bh3 16. g3 Bxf1 17. Kxf1 Be7 18. Na3 e4 19. Qxa7 O-O 20. d4 Qf6 21. Bf4 Rxb2 0-1


[Site "https://www.chess.com"]

[Event "Titled Tuesday Blitz May 30 Late 2023"]
[White "Moral Garcia, Serafin"]
[Black "deloewre"]
[WhiteFideId "2201925"]
[WhiteElo "2274"]
[BlackElo "2101"]
[Result "1-0"]
[Round "01"]
[TimeControl "180+2"]
[Date "2023.05.31"]
[WhiteClock "0:01:05"]
[BlackClock "0:00:00"]

1. Nf3 c5 2. b3 Nc6 3. Bb2 d6 4. d4 cxd4 5. Nxd4 Bd7 6. c4 Nf6 7. e3 g6 8. Be2 Bg7 9. Bf3 O-O 10. Nc3 Rb8 11. O-O a6 12. Qd2 Ne5 13. Be2 b5 14. cxb5 Bxb5 15. Ncxb5 axb5 16. Bxb5 Qb6 17. a4 Ne4 18. Qe2 Nc5 19. Rac1 Rfc8 20. b4 Ne4 21. f3 Nf6 22. f4 Ned7 23. Nc6 Nd5 24. Bxg7 Kxg7 25. Nxb8 Rxb8 26. Bxd7 Nxe3 27. Rf2 e6 28. b5 d5 29. h3 Nc4 30. Kh2 Ra8 31. Ra1 Qd4 32. Ra2 Ne3 33. Bc6 Ra7 34. Qb2 Qxb2 35. Rfxb2 h5 36. b6 1-0


[Site "https://www.chess.com"]

[Event "Titled Tuesday Blitz May 30 Late 2023"]
[White "Phillips, Rene"]
[Black "ElDivis"]
[WhiteFideId "2056275"]
[WhiteElo "2079"]
[BlackElo "2527"]
[Result "0-1"]
[Round "01"]
[TimeControl "180+2"]
[Date "2023.05.31"]
[WhiteClock "0:00:15"]
[BlackClock "0:01:04"]

1. Nf3 d5 2. d4 Nf6 3. Bf4 c5 4. e3 Nc6 5. Nbd2 e6 6. c3 Nh5 7. Bg3 Nxg3 8. hxg3 g6 9. Ne5 Nxe5 10. dxe5 Bg7 11. f4 Bd7 12. Nf3 Qb6 13. Qb3 Qxb3 14. axb3 Ke7 15. Bd3 b5 16. Ra6 c4 17. bxc4 bxc4 18. Bc2 h5 19. Kd2 Rhb8 20. Rha1 Rb7 21. Nd4 Bh6 22. Kc1 Ke8 23. Nc6 g5 24. Nb4 h4 25. gxh4 gxf4 26. exf4 Bxf4+ 27. Kd1 Bxe5 28. Ke2 Ke7 29. g4 Bd6 30. Rxd6 Kxd6 31. Ra2 a5 0-1


[Site "https://www.chess.com"]

[Event "Titled Tuesday Blitz May 30 Late 2023"]
[White "Petukhov, Dmitry"]
[Black "Maluco_do_Natal_00"]
[WhiteFideId "4142748"]
[WhiteElo "2311"]
[BlackElo "2064"]
[Result "1-0"]
[Round "01"]
[TimeControl "180+2"]
[Date "2023.05.31"]
[WhiteClock "0:01:05"]
[BlackClock "0:00:39"]

1. e4 c5 2. c3 d5 3. exd5 Qxd5 4. d4 Nc6 5. Nf3 e6 6. Be3 cxd4 7. cxd4 Bb4+ 8. Nc3 Nf6 9. Bd3 a6 10. O-O Qd6 11. a3 Bxc3 12. bxc3 O-O 13. a4 Nd5 14. c4 Nf4 15. Be4 Ng6 16. d5 exd5 17. cxd5 Nce7 18. Rc1 Bd7 19. Bc5 Qf6 20. Qb3 b5 21. axb5 Bxb5 22. Rfe1 Nf5 23. Bxf8 Rxf8 24. Bxf5 Qxf5 25. d6 Nf4 26. Nd4 Qd5 27. Qxd5 Nxd5 28. Nxb5 axb5 29. d7 1-0


[Site "https://www.chess.com"]

[Event "Titled Tuesday Blitz May 30 Late 2023"]
[White "Stead, Kerry"]
[Black "Aggelis, Nikolaos"]
[WhiteFideId "3202577"]
[BlackFideId "4213220"]
[WhiteElo "1997"]
[BlackElo "2189"]
[Result "0-1"]
[Round "01"]
[TimeControl "180+2"]
[Date "2023.05.31"]
[WhiteClock "0:00:00"]
[BlackClock "0:01:09"]

1. d4 f5 2. e4 fxe4 3. Nc3 Nf6 4. Bg5 e6 5. Nxe4 Be7 6. Bxf6 Bxf6 7. Nf3 O-O 8. Bd3 b6 9. Ne5 Bb7 10. Qh5 Bxe5 11. dxe5 Qe7 12. O-O g6 13. Qh6 Bxe4 14. Bxe4 Nc6 15. f4 Rf7 16. Rf3 Qb4 17. Bd3 Raf8 18. Raf1 Rg7 19. b3 Ne7 20. a4 Nf5 21. Qh3 Qd4+ 22. Kh1 Ne7 23. g4 Rgf7 24. f5 Qxe5 25. fxg6 hxg6 26. Rxf7 Rxf7 27. Rxf7 Kxf7 0-1


[Site "https://www.chess.com"]

[Event "Titled Tuesday Blitz May 30 Late 2023"]
[White "Koc, Przemyslaw"]
[Black "NtcPou"]
[WhiteFideId "1109081"]
[WhiteElo "2161"]
[BlackElo "2039"]
[Result "1-0"]
[Round "01"]
[TimeControl "180+2"]
[Date "2023.05.31"]
[WhiteClock "0:01:16"]
[BlackClock "0:00:27"]

1. Nf3 d5 2. g3 c6 3. Bg2 Nf6 4. O-O Bf5 5. d3 Nbd7 6. c4 e6 7. Nbd2 h6 8. Re1 Bg4 9. h3 Bh5 10. e4 Be7 11. e5 Ng8 12. b3 Bxf3 13. Nxf3 h5 14. Bb2 Nh6 15. cxd5 cxd5 16. Qd2 Nf5 17. Nd4 Nxd4 18. Bxd4 O-O 19. Rac1 a5 20. Qe3 h4 21. g4 a4 22. f4 axb3 23. axb3 Ra2 24. Re2 Qa5 25. f5 Rxe2 26. Qxe2 Bc5 27. Bxc5 Nxc5 28. Qc2 b6 29. d4 Na6 30. f6 g6 31. Qf2 Qa3 32. Rf1 Qxb3 33. Qxh4 Qe3+ 34. Kh1 Rc8 35. g5 Rc2 36. Qh6 1-0


[Site "https://www.chess.com"]

[Event "Titled Tuesday Blitz May 30 Late 2023"]
[White "Burke, Paul"]
[Black "Ladan, Nicholas"]
[WhiteFideId "2605767"]
[BlackFideId "30918855"]
[WhiteElo "1904"]
[BlackElo "2167"]
[Result "0-1"]
[Round "01"]
[TimeControl "180+2"]
[Date "2023.05.31"]
[WhiteClock "0:01:16"]
[BlackClock "0:02:04"]

1. e4 e5 2. Nf3 Nc6 3. Bc4 Nf6 4. d4 exd4 5. O-O Nxe4 6. Re1 d5 7. Bxd5 Qxd5 8. Nc3 Qd7 9. Nxe4 Be7 10. Bg5 O-O 11. Bxe7 Qxe7 12. Nxd4 Nxd4 13. Qxd4 Rd8 14. Qe3 Bf5 15. f3 Bxe4 16. fxe4 Qb4 17. b3 Qd4 18. Kf2 Qf6+ 19. Qf3 Rd2+ 20. Re2 Rxe2+ 0-1


[Site "https://www.chess.com"]

[Event "Titled Tuesday Blitz May 30 Late 2023"]
[White "Chylewski, Patryk"]
[Black "Castillo Pena, Patricia Evarista"]
[WhiteFideId "1186191"]
[BlackFideId "6412106"]
[WhiteElo "2163"]
[BlackElo "1919"]
[Result "1-0"]
[Round "01"]
[TimeControl "180+2"]
[Date "2023.05.31"]
[WhiteClock "0:01:09"]
[BlackClock "0:00:00"]

1. e4 c5 2. Nf3 d6 3. c3 Nf6 4. h3 Nc6 5. Bd3 e5 6. O-O Be7 7. Bc2 O-O 8. d4 cxd4 9. cxd4 exd4 10. Nxd4 Nxd4 11. Qxd4 Be6 12. Nc3 a6 13. Bf4 Qc7 14. Rac1 Rfd8 15. Rfd1 Rac8 16. Bb1 Qc4 17. Qe3 Qb4 18. Qe2 Bc4 19. Qd2 Qb6 20. Be3 Qc7 21. b3 Be6 22. Nd5 Qd7 23. Rxc8 Rxc8 24. Nb6 Qd8 25. Nxc8 Qxc8 26. Rc1 Qb8 27. Bb6 1-0


[Site "https://www.chess.com"]

[Event "Titled Tuesday Blitz May 30 Late 2023"]
[White "Sanchez, Robert"]
[Black "Bruedigam, Martin"]
[WhiteFideId "2034360"]
[BlackFideId "24608033"]
[WhiteElo "1812"]
[BlackElo "2331"]
[Result "0-1"]
[Round "01"]
[TimeControl "180+2"]
[Date "2023.05.31"]
[WhiteClock "0:00:54"]
[BlackClock "0:00:23"]

1. e4 c5 2. Nf3 d6 3. d4 cxd4 4. Nxd4 Nf6 5. Nc3 e6 6. Be3 a6 7. f3 Qc7 8. Qd2 Nbd7 9. g4 Ne5 10. O-O-O Nc4 11. Bxc4 Qxc4 12. Kb1 Be7 13. h4 Bd7 14. g5 Nh5 15. e5 d5 16. f4 g6 17. Rhg1 Rc8 18. Nce2 Ng7 19. Ng3 Bb4 20. c3 Ba5 21. h5 b5 22. Nb3 Bd8 23. Bd4 Be7 24. h6 Nf5 25. Nxf5 gxf5 26. Qd3 Qxd3+ 27. Rxd3 b4 28. Rc1 Bb5 29. Re3 Bc4 30. Nd2 Kd7 31. b3 Bb5 32. c4 dxc4 33. Nxc4 Bxc4 34. bxc4 Kc6 35. c5 Rhd8 36. Rd3 Rd5 37. Rc4 Kb5 38. Rc1 Bxc5 39. Bxc5 0-1


[Site "https://www.chess.com"]

[Event "Titled Tuesday Blitz May 30 Late 2023"]
[White "Bjelobrk, Igor"]
[Black "Naroditsky, Daniel"]
[WhiteFideId "4300726"]
[BlackFideId "2026961"]
[WhiteElo "2319"]
[BlackElo "2633"]
[Result "0-1"]
[Round "02"]
[TimeControl "180+2"]
[Date "2023.05.31"]
[WhiteClock "0:00:18"]
[BlackClock "0:00:55"]

1. d4 Nf6 2. c4 g6 3. Nc3 Bg7 4. e4 d6 5. Nf3 O-O 6. Be2 c5 7. h3 Re8 8. Be3 cxd4 9. Nxd4 Nbd7 10. O-O b6 11. Qc2 Bb7 12. Rfd1 Rc8 13. b3 Nc5 14. Bf3 Nfd7 15. Rac1 Qc7 16. Nd5 Qb8 17. Qb1 Ne5 18. Be2 Nxe4 19. Qxe4 e6 20. Nf3 exd5 21. cxd5 Nc4 22. Qxc4 Rxc4 23. bxc4 Bc8 24. Nd4 Bxd4 25. Rxd4 Bd7 26. Bf3 Qd8 27. Rd2 Qf6 28. Bd4 Qg5 29. Rcd1 Bxh3 30. Be3 Rxe3 31. fxe3 Qxe3+ 32. Kh2 Bf5 33. Rd4 h5 34. R1d2 Kg7 35. Bd1 h4 36. Bf3 h3 37. Kg3 Qg1 38. Rd1 h2 0-1


[Site "https://www.chess.com"]

[Event "Titled Tuesday Blitz May 30 Late 2023"]
[White "Vachier-Lagrave, Maxime"]
[Black "Bernabeu Lopez, Carlos Javier"]
[WhiteFideId "623539"]
[BlackFideId "2235366"]
[WhiteElo "2723"]
[BlackElo "2344"]
[Result "1-0"]
[Round "02"]
[TimeControl "180+2"]
[Date "2023.05.31"]
[WhiteClock "0:01:09"]
[BlackClock "0:01:58"]

1. e4 e5 2. Nf3 Nf6 3. d4 Nxe4 4. Bd3 Nc6 5. d5 Nc5 6. O-O Ne7 7. Nxe5 Nxd3 8. Qxd3 d6 9. Qb5+ c6 10. dxc6 bxc6 11. Nxc6 Qd7 12. Nd4 g6 13. Bg5 Bg7 14. Re1 f6 15. Nc6 fxg5 16. Rxe7+ Qxe7 17. Nxe7+ Kxe7 18. Nc3 Bxc3 19. bxc3 Be6 20. Qxg5+ Kf7 21. Qf4+ Kg7 22. Re1 Rae8 23. Qxd6 Bf7 24. Qd4+ Kh6 25. Re3 Rxe3 26. Qxe3+ Kg7 27. Qe5+ Kg8 28. c4 h5 29. c5 Rh7 30. c6 Bxa2 31. c7 Be6 32. Qxe6+ 1-0


[Site "https://www.chess.com"]

[Event "Titled Tuesday Blitz May 30 Late 2023"]
[White "TimGrutter03"]
[Black "Bluebaum, Matthias"]
[BlackFideId "24651516"]
[WhiteElo "2609"]
[BlackElo "2639"]
[Result "0-1"]
[Round "02"]
[TimeControl "180+2"]
[Date "2023.05.31"]
[WhiteClock "0:00:14"]
[BlackClock "0:01:01"]

1. e4 e5 2. Nf3 Nf6 3. Nxe5 d6 4. Nf3 Nxe4 5. Bd3 d5 6. O-O Be7 7. c3 O-O 8. Bc2 c5 9. d3 Nf6 10. h3 Nc6 11. Re1 Bf5 12. Nbd2 h6 13. Nf1 Bd6 14. Ne3 Bh7 15. d4 Bxc2 16. Nxc2 Ne4 17. dxc5 Bxc5 18. Ncd4 Qb6 19. Re2 Nxd4 20. Nxd4 Bxd4 21. Qxd4 Qxd4 22. cxd4 Rac8 23. Bf4 Rc4 24. f3 Ng5 25. Bxg5 hxg5 26. Rd1 f6 27. b3 Rc3 28. Kf2 Rfc8 29. Rdd2 Kf7 30. Re3 Rc1 31. Rde2 R8c7 32. Kg3 Rd1 33. Re8 Rxd4 34. Rd8 Rd1 35. h4 gxh4+ 36. Kxh4 d4 37. Re4 d3 38. Red4 Rc2 39. Rxd3 Rxd3 40. Rxd3 Ke6 41. Re3+ Kf5 42. g4+ Kf4 43. Re4+ Kxf3 0-1


[Site "https://www.chess.com"]

[Event "Titled Tuesday Blitz May 30 Late 2023"]
[White "Hossain, Enamul"]
[Black "Duda, Jan-Krzysztof"]
[WhiteFideId "10200649"]
[BlackFideId "1170546"]
[WhiteElo "2433"]
[BlackElo "2790"]
[Result "0-1"]
[Round "02"]
[TimeControl "180+2"]
[Date "2023.05.31"]
[WhiteClock "0:00:02"]
[BlackClock "0:00:47"]

1. e4 d6 2. d4 Nf6 3. Nc3 e5 4. Nf3 Nbd7 5. Bc4 Be7 6. O-O O-O 7. a4 c6 8. Re1 b6 9. d5 cxd5 10. Bxd5 Nxd5 11. Nxd5 Bb7 12. c4 a5 13. b3 f6 14. Ba3 Nc5 15. Bxc5 bxc5 16. Nh4 Rf7 17. Nf5 Bf8 18. h4 g6 19. Nfe3 Rb8 20. Rb1 Bc8 21. h5 f5 22. hxg6 hxg6 23. exf5 gxf5 24. Qh5 Rbb7 25. Qg6+ Kh8 26. g3 Rg7 27. Qh6+ Rh7 28. Qf6+ Qxf6 29. Nxf6 Rh6 30. Nfd5 Rbh7 31. Kf1 Kg8 32. Ke2 Kf7 33. Kd2 Rh2 34. Re2 Bg7 35. Rbe1 e4 36. Kc2 Bd4 37. Rd1 Be6 38. Nf4 Kf6 39. Rde1 Bf7 40. Ned5+ Ke5 41. f3 Bxd5 42. Nxd5 Bf2 43. Rf1 Bxg3 44. f4+ Ke6 0-1


[Site "https://www.chess.com"]

[Event "Titled Tuesday Blitz May 30 Late 2023"]
[White "Principe, Gerson"]
[Black "Kramnik, Vladimir"]
[WhiteFideId "3804550"]
[BlackFideId "4101588"]
[WhiteElo "2229"]
[BlackElo "2703"]
[Result "1-0"]
[Round "02"]
[TimeControl "180+2"]
[Date "2023.05.31"]
[WhiteClock "0:00:18"]
[BlackClock "0:00:17"]

1. Nf3 Nf6 2. d4 e6 3. e3 b6 4. Be2 Bb7 5. O-O c5 6. c3 Be7 7. b3 O-O 8. Bb2 Nc6 9. Nbd2 cxd4 10. cxd4 Rc8 11. a3 d5 12. b4 Bd6 13. Qb3 Ne7 14. Rac1 Nf5 15. Rxc8 Qxc8 16. Rc1 Qb8 17. h3 Ne7 18. Bd3 Ng6 19. a4 Ne4 20. b5 f5 21. Ba3 Bxa3 22. Qxa3 h6 23. Nf1 Kh7 24. a5 f4 25. a6 Bc8 26. Bxe4 dxe4 27. Ne5 Rf5 28. Nxg6 Kxg6 29. Qe7 Rf7 30. Qd8 fxe3 31. fxe3 Rd7 32. Qe8+ Kh7 33. Rxc8 Qd6 34. Rc6 Qd5 35. Qxe6 Qxe6 36. Rxe6 Rd5 37. Re7 Rxb5 38. Rxa7 Ra5 39. Ra8 Ra1 40. a7 b5 41. Rb8 Rxa7 42. Rxb5 Ra1 43. Re5 Ra2 44. Rxe4 Ra1 45. Rf4 Rb1 46. d5 Rd1 47. Rd4 Ra1 48. d6 Ra8 49. d7 Rd8 50. Nd2 Kg6 51. Ne4 1-0


[Site "https://www.chess.com"]

[Event "Titled Tuesday Blitz May 30 Late 2023"]
[White "Moussard, Jules"]
[Black "MKlose11"]
[WhiteFideId "642908"]
[WhiteElo "2610"]
[BlackElo "2603"]
[Result "1-0"]
[Round "02"]
[TimeControl "180+2"]
[Date "2023.05.31"]
[WhiteClock "0:00:25"]
[BlackClock "0:00:02"]

1. b3 Nf6 2. Bb2 e6 3. Nf3 d5 4. e3 Be7 5. c4 b6 6. d4 Bb7 7. Nbd2 O-O 8. Bd3 c5 9. O-O dxc4 10. Nxc4 Nbd7 11. Qe2 Be4 12. Rfd1 Bxd3 13. Qxd3 Qc7 14. Rac1 Rfd8 15. Qe2 Qb7 16. dxc5 Nxc5 17. Nfe5 b5 18. Na5 Qa6 19. Rxd8+ Bxd8 20. Nac6 Bb6 21. Bd4 Ncd7 22. Nxd7 Nxd7 23. a4 Bxd4 24. exd4 Nf6 25. Qxb5 Qxb5 26. axb5 Nd5 27. Nxa7 h5 28. Rc8+ Rxc8 29. Nxc8 Kf8 30. b6 Nb4 31. Na7 e5 32. dxe5 Na6 33. Nc6 Nc5 34. b4 Nb7 35. f4 Ke8 36. Kf2 Kd7 37. Nd4 g6 38. Ke3 Nd8 39. Ke4 Nb7 40. Kd5 Nd8 41. g3 Nb7 42. h3 Nd8 43. g4 hxg4 44. hxg4 Nb7 45. f5 gxf5 46. gxf5 Nd8 47. f6 Nb7 48. Nf5 Nd8 49. Nd6 Nc6 50. b5 Nb4+ 51. Kc4 Nc2 52. Nxf7 Ne3+ 53. Kc5 Nf5 54. Nd6 Nh4 55. b7 Kc7 56. e6 Ng6 57. e7 Nf4 58. b6+ Kd7 59. b8=N+ 1-0


[Site "https://www.chess.com"]

[Event "Titled Tuesday Blitz May 30 Late 2023"]
[White "Perez, Maximiliano"]
[Black "Paravyan, David"]
[WhiteFideId "117234"]
[BlackFideId "4194985"]
[WhiteElo "2344"]
[BlackElo "2563"]
[Result "0-1"]
[Round "02"]
[TimeControl "180+2"]
[Date "2023.05.31"]
[WhiteClock "0:01:00"]
[BlackClock "0:01:04"]

1. e4 e5 2. Nf3 Nc6 3. Bc4 d6 4. c3 f5 5. exf5 Bxf5 6. d4 e4 7. Bg5 Be7 8. Nh4 Qd7 9. Nxf5 Qxf5 10. Be3 Nf6 11. Nd2 d5 12. Bb5 O-O 13. O-O Ng4 14. h3 Nxe3 15. fxe3 Qg5 16. Qe1 Bd6 17. Rxf8+ Rxf8 18. Nf1 Ne7 19. Be2 Nf5 20. Bg4 Nh4 21. Qe2 c6 22. a4 g6 23. Be6+ Kg7 24. Qg4 Qf6 25. Nh2 h5 0-1


[Site "https://www.chess.com"]

[Event "Titled Tuesday Blitz May 30 Late 2023"]
[White "Lazavik, Denis"]
[Black "Aldokhin, Ivan"]
[WhiteFideId "13515110"]
[BlackFideId "24115720"]
[WhiteElo "2560"]
[BlackElo "2322"]
[Result "1-0"]
[Round "02"]
[TimeControl "180+2"]
[Date "2023.05.31"]
[WhiteClock "0:00:48"]
[BlackClock "0:00:05"]

1. d4 Nf6 2. c4 g6 3. Nc3 Bg7 4. e4 O-O 5. h3 d6 6. Be3 Nc6 7. Nge2 Re8 8. Qd2 e5 9. d5 Nd4 10. O-O-O c5 11. dxc6 bxc6 12. Nxd4 exd4 13. Bxd4 Rb8 14. e5 dxe5 15. Bxa7 Qc7 16. Bxb8 Qxb8 17. g4 Be6 18. g5 Nh5 19. Ne4 Nf4 20. f3 Qa7 21. b3 Bf5 22. Kb1 Bxe4+ 23. fxe4 Bf8 24. Rh2 Bc5 25. Qd7 Qa8 26. Rhd2 Bd4 27. Rxd4 exd4 28. Qxd4 c5 29. Qxc5 Qxe4+ 30. Kb2 Qf3 31. Qd4 Ne6 32. Qd2 Qg3 33. Qc3 Qxg5 34. b4 Rb8 35. a3 Qc5 36. Rd2 Qg1 37. Bg2 Nc5 38. Ka2 Qe1 39. Rd8+ Rxd8 40. Qxe1 Nd3 41. Qe3 1-0


[Site "https://www.chess.com"]